 Dungeon Crawl Stone Soup version 0.20.1-1-g8b1a95d (webtiles) character file.

1089 vomix the Cleaver (level 8, -7/64 HPs)
             Began as a Minotaur Berserker on Aug 25, 2017.
             Was a Priest of Trog.
             Mangled by a mummy (12 damage)
             ... in an ossuary.
             The game lasted 00:07:04 (3923 turns).

vomix the Cleaver (Minotaur Berserker)              Turns: 3923, Time: 00:07:04

Health: -7/64      AC:  8    Str: 27    XL:     8   Next: 9%
Magic:  7/7        EV: 11    Int:  4    God:    Trog [***...]
Gold:   153        SH:  0    Dex: 11    Spells: 7/7 levels left

rFire    . . .     SeeInvis .   a - +0 hand axe
rCold    . . .     Gourm    .   (no shield)
rNeg     . . .     Faith    .   y - +0 scale mail
rPois    .         Spirit   .   (helmet restricted)
rElec    .         Reflect  .   v - +1 cloak
rCorr    .         Harm     .   (no gloves)
MR       .....                  (no boots)
Stlth    ..........             (no amulet)
Regen    0.2/turn               f - +4 ring of strength
MPRegen  0.1/turn               n - +2 ring of slaying

@: berserk cooldown, fainting, slowed, very slow
A: retaliatory headbutt, horns 2
a: Berserk, Trog's Hand, Burn Spellbooks, Renounce Religion


You were in an ossuary.
You worshipped Trog.
Trog was most pleased with you.
You were fainting.

You visited 1 branch of the dungeon, and saw 4 of its levels.
You also visited: Ossuary.

You collected 153 gold pieces.

Inventory:

Hand Weapons
 a - a +0 hand axe (weapon)
Armour
 v - a +1 cloak (worn)
 y - a +0 scale mail (worn)
Jewellery
 f - a +4 ring of strength (left hand)
 k - an uncursed ring of stealth
 n - a +2 ring of slaying (right hand)
 q - a cursed ring of teleportation {unknown}
 x - an uncursed ring of magical power {unknown}
Wands
 u - a wand of polymorph (10/24)
Scrolls
 d - a scroll of blinking {unknown}
 g - 5 scrolls of teleportation {unknown}
 j - 6 scrolls of identify {unknown}
 l - 6 scrolls of remove curse {unknown}
 m - 2 scrolls of enchant armour
 o - a scroll of magic mapping {unknown}
 w - 2 scrolls of amnesia {unknown}
 z - a scroll of enchant weapon {unknown}
 A - a scroll of fog {unknown}
 D - a scroll of immolation {unknown}
Potions
 b - a potion of flight {unknown}
 e - 3 potions of curing
 i - a potion of agility {unknown}
 p - a potion of lignification {unknown}
 r - 2 potions of heal wounds {unknown}
 t - 2 potions of invisibility {unknown}
 B - a potion of might {unknown}
Comestibles
 c - 5 bread rations
 h - 2 royal jellies
 s - 3 fruits


   Skills:
 - Level 3.6 Fighting
 + Level 11.7 Axes
 - Level 2.4 Armour
 - Level 2.1 Dodging


You had 7 spell levels left.
You didn't know any spells.

Dungeon Overview and Level Annotations

Branches:
Dungeon (4/15)             Temple (0/1) D:4

Altars:
Ashenzari
Cheibriados
Elyvilon
Fedhas
Hepliaklqana
Kikubaaqudgha
Trog
Xom
Yredelemnul

Annotations:
D:2 1 runed door


Innate Abilities, Weirdness & Mutations

You reflexively headbutt those who attack you in melee.
You have a pair of horns on your head.


Message History

Trog accepts your kill.
You hit the mummy but do no damage. You hit the mummy. The mummy misses you.
The mummy hits you.
* * * LOW HITPOINT WARNING * * *
You barely miss the mummy. You headbutt the mummy!
The mummy is almost destroyed.
You slash the ogre zombie! You hit the mummy but do no damage.
You hit the mummy but do no damage. Your headbutt misses the mummy.
The mummy is almost destroyed.
You hit the mummy but do no damage. You hit the ogre zombie.
The ogre zombie hits you but does no damage.
The mummy hits you!
* * * LOW HITPOINT WARNING * * *
The mummy misses you.
It was a potion of curing.
You feel better. The ogre zombie hits you.
* * * LOW HITPOINT WARNING * * *
The mummy hits you.
* * * LOW HITPOINT WARNING * * *
The mummy hits you!
You die...

#..# #....#.' #..#
....#....# #....### #..+
...#....# . #....#.# #..#
.......# .. #....'.# #..#
####......#... ######.'
#..###............. #....###
#..'.'............. #....#.#
#..#.#....ZM..!?!.. #....#.#
#..#.#....'@.??$?!. #....'.'
#..########M.!$∩$!. ########
#..'.'.......?!$!?. #....'.#
#..#.#........?!!.. #....#.#
#..#.#............. #....#.'
#..###............. #....###
#..'.####......#...#######.#
#..#.#.........#....#....'.#
#..#.#....#....#....#....#.'


You could see 2 mummies and an ogre zombie.

Vanquished Creatures
  The ghost of Tr0llz0r the Firebug, an amateur DrFE (D:4)
  Sigmund (D:3)
  Menkaure (Ossuary)
  2 centaur zombies (Ossuary)
  2 orc wizards (D:4)
  2 orc priests (D:4)
  Crazy Yiuf (D:2)
  Terence (D:2)
  2 iguanas (D:4)
  Natasha (thrice) (D:3)
  3 worker ants (D:4)
  2 ogre zombies (Ossuary)
  4 mummies (Ossuary)
  3 adders
  An adder zombie (Ossuary)
  3 dart slugs
  2 leopard geckos
  3 orcs (D:4)
  4 giant cockroaches
  2 gnoll zombies (Ossuary)
  6 goblins
  3 hobgoblins
  5 jackals
  3 kobolds
  7 bats
  5 frilled lizards
  2 goblin zombies (Ossuary)
  3 hobgoblin zombies (Ossuary)
  A kobold skeleton (D:2)
  2 kobold zombies (Ossuary)
  An orc zombie (Ossuary)
  2 quokka zombies (Ossuary)
  3 rats
  4 rat zombies (Ossuary)
90 creatures vanquished.

Notes
Turn   | Place    | Note
-------+----------+-------------------------------------------
     0 | D:1      | vomix the Minotaur Berserker began the quest for the Orb.
     0 | D:1      | Reached XP level 1. HP: 19/19 MP: 0/0
    82 | D:1      | Reached skill level 4 in Axes
   233 | D:1      | Found a snail-covered altar of Cheibriados.
   240 | D:1      | Reached XP level 2. HP: 23/26 MP: 1/1
   681 | D:2      | Noticed a human
   682 | D:2      | Found a runed door.
   688 | D:2      | Found a basalt altar of Yredelemnul.
   814 | D:2      | Noticed Terence
   824 | D:2      | Killed Terence
   824 | D:2      | Reached skill level 5 in Axes
   824 | D:2      | Reached XP level 3. HP: 31/31 MP: 2/2
  1018 | D:2      | Found a hazy altar of Hepliaklqana.
  1021 | D:2      | Found a shattered altar of Ashenzari.
  1024 | D:2      | Found a white marble altar of Elyvilon.
  1199 | D:2      | Reached ** piety under Trog
  1283 | D:2      | Found a runed door.
  1290 | D:2      | Noticed Crazy Yiuf
  1294 | D:2      | Killed Crazy Yiuf
  1294 | D:2      | Reached skill level 6 in Axes
  1294 | D:2      | Reached XP level 4. HP: 39/39 MP: 3/3
  1503 | D:3      | Found a shimmering altar of Xom.
  1742 | D:3      | Noticed Natasha
  1752 | D:3      | Killed Natasha
  1752 | D:3      | Reached XP level 5. HP: 45/45 MP: 4/4
  1762 | D:3      | Reached skill level 7 in Axes
  1907 | D:3      | Found an ancient bone altar of Kikubaaqudgha.
  1907 | D:3      | Found a blossoming altar of Fedhas.
  1909 | D:3      | Noticed Sigmund
  1915 | D:3      | Killed Sigmund
  1915 | D:3      | Reached skill level 8 in Axes
  1915 | D:3      | Reached XP level 6. HP: 51/51 MP: 5/5
  1959 | D:3      | Noticed Natasha
  1963 | D:3      | Killed Natasha
  2229 | D:3      | Noticed Natasha
  2235 | D:3      | Killed Natasha
  2844 | D:4      | Reached skill level 9 in Axes
  2971 | D:4      | Found a staircase to the Ecumenical Temple.
  3114 | D:4      | Found a bloodstained altar of Trog.
  3271 | D:4      | Reached XP level 7. HP: 45/57 MP: 6/6
  3273 | D:4      | Reached *** piety under Trog
  3277 | D:4      | Reached skill level 10 in Axes
  3278 | D:4      | Noticed Tr0llz0r's ghost (amateur DrFE)
  3288 | D:4      | Killed Tr0llz0r's ghost
  3294 | D:4      | Found a sand-covered staircase.
  3303 | Ossuary  | Entered an ossuary
  3731 | Ossuary  | Reached skill level 11 in Axes
  3898 | Ossuary  | Noticed Menkaure
  3905 | Ossuary  | Killed Menkaure
  3905 | Ossuary  | Reached XP level 8. HP: 64/64 MP: 7/7
  3906 | Ossuary  | Paralysed by fainting for 9 turns
  3923 | Ossuary  | Mangled by a mummy

Skill      XL: |  1  2  3  4  5  6  7 |
---------------+----------------------+-----
Axes           | 4 5 6 8 9 11 | 11.7
Fighting       | |  3.6
Armour         | |  2.4
Dodging        | |  2.1

Action                   |  1- 3 |  4- 6 |  7- 9 || total
-------------------------+-------+-------+-------++-------
Melee: Hand axe          |    46 |    80 |    80 ||   206
       Headbutt          |     9 |    21 |    29 ||    59
Invok: Berserk           |     2 |     2 |     2 ||     6
       Trog's Hand       |       |       |     1 ||     1
  Use: Scroll            |       |     2 |       ||     2
       Potion            |       |       |     1 ||     1
 Stab: Sleeping          |     2 |       |       ||     2
  Eat: Chunk             |     2 |     3 |     2 ||     7
       Meat ration       |       |     1 |       ||     1
       Fruit             |       |     1 |       ||     1
Armor: Animal skin       |     7 |       |       ||     7
       Scale mail        |       |    24 |    18 ||    42
Dodge: Dodged            |    19 |    32 |    34 ||    85
